 Dungeon Crawl Stone Soup version bcrawl-1.22 (webtiles) character file.

Game seed: 5850551979668129506

47 Morbidden the Magician (level 3, -2/20 HPs)
             Began as a Skeleton Wizard on May 18, 2020.
             Slain by an adder (4 damage)
             ... on level 3 of the Dungeon.
             The game lasted 00:04:15 (2137 turns).

Morbidden the Magician (Skeleton Wizard)            Turns: 2137, Time: 00:04:16

Health: -2/20      AC:  2    Str: 14    XL:     3   Next: 48%
Magic:  0/10       EV: 12    Int: 16    God:
Gold:   109        SH:  0    Dex:  7    Spells: 10/13 levels left

rFire    . . .     SeeInvis .   e - +0 spear
rCold    + . .     Gourm    .   (no shield)
rNeg     + + +     Faith    .   b - +0 robe
rPois    ∞         Spirit   +   c - +0 hat
rElec    .         Reflect  .   (no cloak)
rCorr    .         Harm     .   (no gloves)
MR       .....                  (no boots)
Stlth    ++........             (no amulet)
HPRegen  0.06/turn              (no ring)
MPRegen  0.12/turn              (no ring)

@: no status effects
A: no food or potions, cold resistance 1, deterioration 1, negative energy
resistance 3, torment resistance, unbreathing, magic shield, sturdy frame 1,
spell healing
a: no special abilities


You were on level 3 of the Dungeon.
You were not hungry.

You visited 1 branch of the dungeon, and saw 3 of its levels.

You collected 109 gold pieces.

Inventory:

Hand Weapons
 a - a +0 staff
 e - a +0 spear (weapon)
Armour
 b - a +0 robe (worn)
 c - a +0 hat (worn)
Jewellery
 j - a +4 ring of intelligence {unknown}
Scrolls
 d - a scroll of remove curse
 f - a scroll of blinking {unknown}
 g - a scroll of teleportation {unknown}
 h - 3 scrolls of identify {unknown}
 i - a scroll of enchant weapon {unknown}
 k - a scroll of enchant armour {unknown}


   Skills:
 * Level 0.6 Fighting
 + Level 2.3 Dodging
 + Level 2.4 Stealth
 * Level 5.8 Spellcasting
 * Level 1.4 Conjurations
 + Level 1.2 Summonings
   Level 0.7 Translocations


You had 10 spell levels left.
You knew the following spells:

 Your Spells              Type           Power        Failure   Level  Hunger
a - Magic Dart            Conj           #...         8%          1    N/A
b - Call Imp              Summ           #.....       13%         2    N/A

Your spell library contained the following spells:

 Spells                   Type           Power        Failure   Level  Hunger
 Blink                    Tloc           N/A          16%         2    N/A
 Conjure Flame            Conj/Fire      #.......     30%         3    N/A
 Mephitic Cloud           Conj/Pois/Air  #.......     34%         3    N/A
 Spider Form              Tmut/Pois      Unusable     N/A         3    N/A

Dungeon Overview and Level Annotations

Branches:
Dungeon (3/12)

Altars:
Xom

Annotations:
D:2 Sigmund, Terence


Innate Abilities, Weirdness & Mutations

You do not eat or drink.
You are immune to poison.
Your flesh is cold resistant. (rC+)
Your body sometimes deteriorates upon taking damage.
You are immune to negative energy. (rN+++)
You are immune to unholy pain and torment.
You can survive without breathing.
When hurt, damage is shared between your health and your magic reserves.
Your movements are slightly less encumbered by armour. (ER -2)
Casting spells heals you.


Message History

You barely miss the adder.
The adder is almost dead.
The adder barely misses you. x2
You miss the adder.
The adder is almost dead.
The adder bites you.
* * * LOW HITPOINT WARNING * * *
You barely miss the adder.
The adder is almost dead.
The adder misses you. The adder barely misses you.
You barely miss the adder.
The adder is almost dead.
The adder bites you.
* * * LOW HITPOINT WARNING * * *
Unknown command.
There is a stone staircase leading up here.
You closely miss the adder.
The adder is almost dead.
The adder bites you.
You die...

........#
........#
........#
........#
........#
........########
...!............
.......@S.......
##########..###+
.# #


You could see an adder.

Vanquished Creatures
  An adder (D:3)
  2 oozes
  A dart slug (D:1)
  A leopard gecko (D:1)
  A ball python (D:1)
  2 bats (D:1)
  2 giant cockroaches (D:1)
  3 goblins (D:1)
  2 hobgoblins
  2 jackals
  2 kobolds (D:1)
  A frilled lizard (D:1)
  2 rats (D:2)
22 creatures vanquished.

Vanquished Creatures (collateral kills)
  A worm (D:2)
1 creature vanquished.

Grand Total: 23 creatures vanquished

Notes
Turn   | Place    | Note
-------+----------+-------------------------------------------
     0 | D:1      | Morbidden the Skeleton Wizard began the quest for the Orb.
     0 | D:1      | Reached XP level 1. HP: 10/10 MP: 5/5
   263 | D:1      | Reached skill level 5 in Spellcasting
   263 | D:1      | Reached XP level 2. HP: 13/15 MP: 5/8
   283 | D:1      | Learned a level 2 spell: Call Imp
  1244 | D:2      | Found a shimmering altar of Xom.
  1310 | D:2      | Noticed Terence
  1577 | D:2      | Reached XP level 3. HP: 7/19 MP: 1/10
  2016 | D:2      | Noticed Sigmund
  2137 | D:3      | Slain by an adder

Skill      XL: |  1 |
---------------+----+-----
Spellcasting   | 5 |  5.8
Fighting       | |  0.6
Dodging        | |  2.3
Stealth        | |  2.4
Conjurations   | |  1.4
Summonings     | |  1.2
Translocations | |  0.7

Action                   || total
-------------------------++-------
Melee: Staff             ||    20
       Spear             ||    32
 Cast: Magic Dart        ||    65
       Call Imp          ||    10
  Use: Scroll            ||     1
Armor: Robe              ||     5
Dodge: Dodged            ||    33
